 Dungeon Crawl Stone Soup version 0.26.0-16-gc1dbca0489 (webtiles) character file.

Game seed: 14593715374017060015

3145 pkoi the Grappler (level 9, -8/84 HPs)
             Began as a Troll Monk on Jan 20, 2021.
             Was a Believer of Ashenzari.
             Mangled by Gastronok (21 damage)
             ... on level 8 of the Dungeon.
             The game lasted 00:06:30 (5034 turns).

pkoi the Grappler (Troll Monk)                      Turns: 5034, Time: 00:06:30

Health: -8/84      AC:  9    Str: 24    XL:     9   Next: 62%
Magic:  8/8        EV: 11    Int:  6    God:    Ashenzari [**....]
Gold:   304        SH:  0    Dex: 12    Spells: 8/8 levels left

rFire    . . .     SeeInvis +     - Unarmed
rCold    . . .     Faith    .   (no shield)
rNeg     . . .     Spirit   .   a - +1 robe
rPois    .         Reflect  .   r - +2 hat {SInv} (curse)
rElec    .         Harm     .   (no cloak)
rCorr    .         Rampage  .   (gloves unavailable)
Will     .....                  (boots unavailable)
Stlth    ++........             (no amulet)
HPRegen  0.64/turn              (no ring)
MPRegen  0.11/turn              (no ring)

@: slowed, very slow
A: large, unfitting armour, claws 3, regeneration 1, shaggy fur 1, tough skin 3
a: Renounce Religion, Curse Item, Scrying


You were on level 8 of the Dungeon.
You worshipped Ashenzari.
Ashenzari was pleased with you.
You visited 2 branches of the dungeon, and saw 9 of its levels.

You collected 388 gold pieces.
You spent 84 gold pieces at shops.

Inventory:

Armour
 a - a +1 robe (worn)
 r - a cursed +2 hat of see invisible (worn)
Jewellery
 u - an uncursed ring of flight
Wands
 s - a wand of random effects (10)
Scrolls
 c - 2 scrolls of enchant weapon
 d - 4 scrolls of teleportation
 e - 6 scrolls of identify
 f - 5 scrolls of magic mapping
 l - 6 scrolls of remove curse
 n - a scroll of fog
 q - a scroll of amnesia
Potions
 b - 3 potions of magic {unknown}
 g - 6 potions of might {unknown}
 i - a potion of invisibility
 j - a potion of heal wounds
 k - 2 potions of curing {unknown}
 m - a potion of mutation {unknown}
 o - a potion of attraction {unknown}
 p - a potion of lignification {unknown}


   Skills:
 + Level 3.8 Fighting
 - Level 5.9 Throwing
 + Level 3.8 Dodging
 - Level 1.0 Stealth
 * Level 11.0 Unarmed Combat


You had 8 spell levels left.
You didn't know any spells.
Your spell library contained the following spells:

 Spells                   Type           Power        Failure   Level
 Animate Skeleton         Necr           0%           45%         1
 Apportation              Tloc           0%           45%         1
 Beastly Appendage        Tmut           0%           45%         1
 Corona                   Hex            0%           45%         1
 Summon Small Mammal      Summ           0%           45%         1
 Wereblood                Tmut           0%           58%         2
 Confusing Touch          Hex            0%           83%         3
 Gell's Gravitas          Tloc           0%           83%         3
 Spider Form              Tmut/Pois      0%           83%         3
 Ice Form                 Ice/Tmut       0%           99%         4
 Petrify                  Tmut/Erth      0%           99%         4
 Blade Hands              Tmut           0%           100%        5
 Metabolic Englaciation   Hex/Ice        0%           100%        5
 Yara's Violent Unravell  Hex/Tmut       0%           100%        5


Dungeon Overview and Level Annotations

Branches:
Dungeon (8/15)             Temple (1/1) D:6
   Lair: D:8-11

Altars:
Ashenzari
Cheibriados
Dithmenos
Elyvilon
Fedhas
Gozag
Hepliaklqana
Kikubaaqudgha
Makhleb
Nemelex Xobeh
Okawaru
Qazlal
Ru
Sif Muna
Trog
Uskayaw
Vehumet
Yredelemnul
Zin
The Shining One
Lugonu

Shops:
D:5 !

Annotations:
D:8 Gastronok


Innate Abilities, Weirdness & Mutations

You are too large for most types of armour.
You have claws for hands.
Your natural rate of healing is unusually fast.
You are covered in fur. (AC +1)
You have extremely tough skin. (AC +3)


Message History

Gastronok is heavily wounded.
The rat bites you but does no damage.
You scratch Gastronok but do no damage.
Gastronok is heavily wounded.
The rat barely misses you. Gastronok bites you!
* * * LOW HITPOINT WARNING * * *
The rat barely misses you.
Unknown command.
You mangle Gastronok!! You claw Gastronok!
Gastronok is almost dead.
The rat bites you but does no damage.
You scratch Gastronok.
Gastronok is almost dead.
Gastronok bubbles merrily.
The rat bites you but does no damage.
Unknown command.
You claw Gastronok!
Gastronok is almost dead.
The rat bites you but does no damage. Gastronok bites you!!
You die...

*.#..... .# *
** .....[. #.#
.......* #.#
.......####.##
* ,,
.............#
,
.............#
* ,, *
#)(....# ,
#..r[[.# ,
#..w@<.#
,....[###.##
,*......#*#.#
........ #.#
........<#.# *
........*#.#
........#### ,
, , ,


You could see Gastronok and a rat (summoned).

Vanquished Creatures
  Maggie (D:7)
  Grinder (D:6)
  Sigmund (D:3)
  Eustachio (D:4)
  3 yaks (D:6)
  An ice beast (D:6)
  3 sky beasts
  2 ogres
  A necrophage (D:7)
  A phantom (D:7)
  4 centaurs
  Blork the orc (D:5)
  2 bullfrogs (D:6)
  A scorpion (D:6)
  A howler monkey (D:4)
  2 bullfrog zombies
  A hound (D:6)
  A centaur skeleton (D:4)
  7 worker ants
  5 iguanas
  An orc wizard (D:7)
  Robin (D:3)
  2 howler monkey skeletons (D:6)
  6 adders
  2 white imps
  An adder zombie (D:7)
  3 adder skeletons
  4 worms
  2 dart slugs
  5 leopard geckos
  15 orcs
  2 ball pythons
  9 bats
  14 giant cockroaches
  8 hobgoblins
  3 jackals (D:4)
  2 quokkas
  6 frilled lizards
  12 goblins
  A jackal skeleton (D:6)
  11 kobolds
  5 rats
155 creatures vanquished.

Vanquished Creatures (others)
  18 plants (D:4)
18 creatures vanquished.

Grand Total: 173 creatures vanquished

Notes
Turn   | Place    | Note
-------+----------+-------------------------------------------
     0 | D:1      | pkoi the Troll Monk began the quest for the Orb.
     0 | D:1      | Reached XP level 1. HP: 22/22 MP: 0/0
   111 | D:1      | Reached XP level 2. HP: 29/29 MP: 1/1
   408 | D:1      | Reached skill level 1 in Throwing
   793 | D:2      | Reached XP level 3. HP: 36/36 MP: 2/2
   877 | D:2      | Found a burning altar of Makhleb.
   894 | D:2      | Reached skill level 4 in Unarmed Combat
  1473 | D:3      | Found a hide-covered altar of Uskayaw.
  1508 | D:3      | Reached XP level 4. HP: 44/44 MP: 3/3
  1794 | D:3      | Noticed Sigmund
  1811 | D:3      | Killed Sigmund
  1812 | D:3      | Reached skill level 5 in Unarmed Combat
  1812 | D:3      | Reached XP level 5. HP: 27/50 MP: 4/4
  1935 | D:3      | Noticed Robin
  1947 | D:3      | Killed Robin
  1948 | D:3      | Reached XP level 6. HP: 52/59 MP: 5/5
  2080 | D:4      | Noticed Eustachio
  2098 | D:4      | Killed Eustachio
  2099 | D:4      | Reached skill level 6 in Unarmed Combat
  2296 | D:4      | Reached XP level 7. HP: 65/66 MP: 6/6
  2310 | D:4      | Found a broken altar of Ashenzari.
  2360 | D:4      | Became a worshipper of Ashenzari the Shackled
  2360 | D:4      | Reached * piety under Ashenzari
  2360 | D:4      | Reached ** piety under Ashenzari
  2473 | D:4      | Reached skill level 7 in Unarmed Combat
  2587 | D:4      | Found a sparkling altar of Nemelex Xobeh.
  2711 | D:5      | Entered Level 5 of the Dungeon
  2719 | D:5      | Found Naskes's Distillery.
  2741 | D:5      | Bought a potion of heal wounds for 70 gold pieces
  2741 | D:5      | Bought a potion of degeneration for 14 gold pieces
  3010 | D:5      | Found a radiant altar of Vehumet.
  3010 | D:5      | Found an opulent altar of Gozag.
  3011 | D:5      | Found a glowing silver altar of Zin.
  3057 | D:5      | Noticed Blork the orc
  3065 | D:5      | Killed Blork the orc
  3066 | D:5      | Reached skill level 8 in Unarmed Combat
  3071 | D:5      | Reached XP level 8. HP: 61/74 MP: 7/7
  3310 | D:5      | Found a glowing golden altar of the Shining One.
  3399 | D:6      | Found a staircase to the Ecumenical Temple.
  3438 | Temple   | Entered the Ecumenical Temple
  3523 | D:6      | Noticed Grinder
  3537 | D:6      | Killed Grinder
  3538 | D:6      | Reached skill level 5 in Throwing
  3624 | D:6      | Reached skill level 9 in Unarmed Combat
  3990 | D:6      | Found a blossoming altar of Fedhas.
  3991 | D:6      | Found an ancient bone altar of Kikubaaqudgha.
  4159 | D:6      | Reached skill level 10 in Unarmed Combat
  4159 | D:6      | Reached XP level 9. HP: 71/80 MP: 8/8
  4229 | D:7      | Found a hazy altar of Hepliaklqana.
  4232 | D:7      | Found a shadowy altar of Dithmenos.
  4413 | D:7      | Noticed Maggie
  4422 | D:7      | Killed Maggie
  4766 | D:8      | Noticed Gastronok
  4809 | D:8      | HP: 1/84 [Gastronok/the air (40)]
  4934 | D:8      | HP: 2/84 [centaur/arrow (16)]
  4946 | D:7      | Reached skill level 11 in Unarmed Combat
  5034 | D:8      | Mangled by Gastronok

Illustrated notes

Levels and vault maps discovered:
D:1:      dpeg_arrival_prison, layout_basic
D:2:      layout_basic, lemuel_doored_altar
D:3:      layout_loops_ring, general_overflow_altar, minmay_fountain_box,
          uniq_sigmund, uniq_robin
D:4:      layout_cave_pools, nemelex_xobeh_ov_fountains_minmay,
          lemuel_round_altar, serial_bayou_lagoon_a, uniq_eustachio
D:5:      layout_basic, gammafunk_temple_overflow_claw, serial_shops, shop,
          tso_altar, uniq_blork_the_orc
D:6:      layout_rooms, grunt_temple_overflow_growth_and_decay,
          minmay_temple_entry_antechambers, uniq_grinder
D:7:      layout_basic, riverfiend_overflow_shadow_ancestor, uniq_maggie
D:8:      minmay_polygon_palace, layout_basic, pdpol_wu_jian_five_deadly_venoms,
          lair_entry_dummy, uniq_pikel, uniq_gastronok, uniq_prince_ribbit1
Temple:   corrupted_temple

Skill      XL: |  1  2  3  4  5  6  7  8  9 |
---------------+----------------------------+-----
Throwing       | 1 2 3 4 5 |  5.9
Unarmed Combat | 4 5 6 8 10 11 | 11.0
Fighting       | 3 |  3.8
Dodging        | 3 |  3.8
Stealth        | |  1.0

Action                   |  1- 3 |  4- 6 |  7- 9 || total
-------------------------+-------+-------+-------++-------
Melee: Unarmed           |   114 |   111 |   246 ||   471
       Punch             |     1 |     3 |    17 ||    21
Invok: Curse Item        |       |       |     1 ||     1
  Use: Scroll            |       |       |    11 ||    11
       Potion            |       |       |     2 ||     2
 Stab: Sleeping          |     9 |     1 |     3 ||    13
Armor: Robe              |    45 |    46 |    90 ||   181
Dodge: Dodged            |    47 |    58 |   109 ||   214
